 Dungeon Crawl Stone Soup version 0.20.0-10-g0535bb4 (console) character file.

627 removed the Chiller (level 7, -3/36 HPs)
             Began as a Tengu Ice Elementalist on June 7, 2017.
             Was a Believer of Kikubaaqudgha.
             Slain by a phantom (8 damage)
             ... on level 5 of the Dungeon.
             The game lasted 00:10:50 (5582 turns).

removed the Chiller (Tengu Ice Elementalist)        Turns: 5582, Time: 00:10:51

Health: -3/36      AC:  4    Str:  8    XL:     7   Next: 47%
Magic:  13/13      EV: 13    Int: 17    God:    Kikubaaqudgha [**....]
Gold:   210        SH:  0    Dex: 15    Spells: 12/13 levels left

rFire    . . .     SeeInvis .   a - +0 trident
rCold    . . .     Gourm    .   (no shield)
rNeg     + . .     Faith    .   n - +2 robe {rN+}
rPois    .         Spirit   .   (helmet restricted)
rElec    .         Reflect  .   (no cloak)
rCorr    .         Harm     .   (no gloves)
MR       .....                  (boots unavailable)
Stlth    ++........             (no amulet)
Regen    0.2/turn               (no ring)
MPRegen  0.2/turn               (no ring)

@: no status effects
A: beak, talons 3, able to fly 1
a: Fly, Receive Corpses, Renounce Religion


You were on level 5 of the Dungeon.
You worshipped Kikubaaqudgha.
Kikubaaqudgha was pleased with you.
You were hungry.

You visited 1 branch of the dungeon, and saw 5 of its levels.

You collected 210 gold pieces.

Inventory:

Hand Weapons
 a - a +0 trident (weapon)
 j - a +0 whip
 E - a +0 blowgun
Missiles
 C - 7 curare-tipped needles
 F - 12 poisoned needles
Armour
 n - a +2 robe of positive energy (worn)
 L - a +0 robe
Wands
 M - a wand of random effects (2/48)
 N - a wand of flame (1/48)
Scrolls
 g - 2 scrolls of teleportation {unknown}
 h - 2 scrolls of remove curse {unknown}
 i - 8 scrolls of identify {unknown}
 k - 3 scrolls of random uselessness {unknown}
 y - 2 scrolls of enchant armour {unknown}
 A - 3 scrolls of amnesia {unknown}
 H - a scroll of immolation {unknown}
 J - 2 scrolls of blinking {unknown}
Potions
 l - a potion of haste {unknown}
 m - a potion of curing {unknown}
 q - 2 potions of degeneration {unknown}
 r - a potion of might {unknown}
 s - a potion of flight {unknown}
 u - a potion of agility {unknown}
 v - a potion of heal wounds {unknown}
 x - a potion of resistance {unknown}
 B - a potion of invisibility {unknown}
Books
 b - a book of Frost

   Spells                             Type                      Level
   a - Freeze                         Ice                          1
   b - Throw Frost                    Conjuration/Ice              2
   c - Ozocubu's Armour               Charms/Ice                   3
   d - Throw Icicle                   Conjuration/Ice              4
   e - Summon Ice Beast               Ice/Summoning                4
 D - Kikubaaqudgha's Compendium of Evil Secrets
   (Kikubaaqudgha gifted it to you on level 4 of the Dungeon)

   Spells                             Type                      Level
   a - Pain                           Necromancy                   1
   b - Corpse Rot                     Necromancy                   2
   c - Sublimation of Blood           Necromancy                   2
   d - Regeneration                   Charms/Necromancy            3
   e - Control Undead                 Necromancy                   4
Comestibles
 c - 5 bread rations
 d - 8 fruits
 o - a royal jelly
 p - 2 meat rations


   Skills:
 - Level 2.1 Dodging
 - Level 2.0 Stealth
 + Level 3.7 Spellcasting
   Level 1.3 Conjurations
 - Level 7.0 Ice Magic


You had 12 spell levels left.
You knew the following spells:

 Your Spells              Type           Power        Failure   Level  Hunger
a - Freeze                Ice            ####         1%          1    None


Dungeon Overview and Level Annotations

Branches:
Dungeon (5/15)
 Temple: D:4-7

Altars:
Gozag
Kikubaaqudgha
Makhleb
Ru
Vehumet
Xom

Annotations:
D:4 Sigmund


Innate Abilities, Weirdness & Mutations

You have a beak for a mouth.
You have claws for feet.
You can fly.


Message History

Press: ? - help, Shift-Dir - straight line, f - frilled lizard
Aim: a frilled lizard You freeze the frilled lizard.
You kill the frilled lizard!
Kikubaaqudgha accepts your kill. Something hits you.
Something completely misses you. Something hits you but does no damage.
Something hits you. Something hits you!
* * * LOW HITPOINT WARNING * * *
Okay, then.
Something hits you but does no damage. Something hits you.
* * * LOW HITPOINT WARNING * * *
You start resting.
You hear the slow hiss of a distant avalanche of sand.
Something barely misses you. Something hits you!
You die...
Kikubaaqudgha rasps: "You have failed me!
Welcome... death!"

#.... #..## #...#
... ##.§.< ....
#..### ♣... ##.##
. ♣...♣ #..#
#.######♣..♣
###.##
#....@....♣###...#
####.....###...###
###........##
########.# #.# #.#
#.# #.# #..


There were no monsters in sight!

Vanquished Creatures
  A crimson imp (D:4)
  An orc priest (D:4)
  3 hounds (D:4)
  2 jellies (D:4)
  2 orc wizards (D:4)
  An iguana (D:4)
  Terence (D:2)
  A hound zombie (D:4)
  A worker ant zombie (D:4)
  A howler monkey zombie (D:4)
  6 gnolls
  4 adders
  11 oozes
  An adder zombie (D:4)
  A worm (D:4)
  2 dart slugs (D:1)
  2 leopard geckos
  6 orcs
  5 ball pythons
  7 giant cockroaches
  8 goblins
  12 hobgoblins
  11 jackals
  A quokka (D:1)
  A ball python skeleton (D:4)
  7 bats
  4 frilled lizards
  A jackal skeleton (D:4)
  A jackal zombie (D:4)
  13 kobolds
  2 leopard gecko zombies (D:4)
  A quokka skeleton (D:4)
  2 quokka zombies (D:4)
  7 rats
130 creatures vanquished.

Vanquished Creatures (others)
  A fungus (D:4)
  8 toadstools (D:4)
9 creatures vanquished.

Grand Total: 139 creatures vanquished

Notes
Turn   | Place    | Note
-------+----------+-------------------------------------------
     0 | D:1      | removed the Tengu Ice Elementalist began the quest for the Orb.
     0 | D:1      | Reached XP level 1. HP: 10/10 MP: 4/4
    93 | D:1      | Reached skill level 3 in Ice Magic
   147 | D:1      | Reached XP level 2. HP: 14/15 MP: 1/6
   660 | D:1      | Reached XP level 3. HP: 11/19 MP: 2/7
  1144 | D:1      | Reached skill level 4 in Ice Magic
  1338 | D:2      | Noticed Terence
  1413 | D:2      | Found a sacrificial altar of Ru.
  1523 | D:2      | Found a shimmering altar of Xom.
  1523 | D:2      | Found a shimmering altar of Xom.
  1523 | D:2      | Found a shimmering altar of Xom.
  1587 | D:2      | Found an opulent altar of Gozag.
  1778 | D:2      | Reached XP level 4. HP: 21/24 MP: 3/8
  1826 | D:2      | Killed Terence
  2272 | D:3      | Found an ancient bone altar of Kikubaaqudgha.
  2278 | D:3      | Became a worshipper of Kikubaaqudgha
  2418 | D:2      | Reached skill level 5 in Ice Magic
  2512 | D:3      | Gained mutation: You can fly. [Tengu growth]
  2512 | D:3      | Reached XP level 5. HP: 28/28 MP: 7/9
  3272 | D:4      | Reached skill level 6 in Ice Magic
  3272 | D:4      | Reached XP level 6. HP: 28/32 MP: 5/10
  3357 | D:4      | Noticed Sigmund
  3378 | D:4      | Reached * piety under Kikubaaqudgha
  3378 | D:4      | Identified Kikubaaqudgha's Compendium of Evil Secrets (Kikubaaqudgha gifted it to you on level 4 of the Dungeon)
  3378 | D:4      | Received a gift from Kikubaaqudgha
  4775 | D:4      | Reached ** piety under Kikubaaqudgha
  4775 | D:4      | Reached skill level 7 in Ice Magic
  4775 | D:4      | Reached XP level 7. HP: 30/36 MP: 6/11
  5055 | D:4      | Found a burning altar of Makhleb.
  5056 | D:4      | Found a radiant altar of Vehumet.
  5531 | D:5      | Entered Level 5 of the Dungeon
  5582 | D:5      | Slain by a phantom

Skill      XL: |  1  2  3  4  5  6  7 |
---------------+----------------------+-----
Ice Magic      | 3 4 5 6 7 |  7.0
Spellcasting   | 3 |  3.7
Dodging        | |  2.1
Stealth        | |  2.0
Conjurations   | |  1.3

Action                   |  1- 3 |  4- 6 |  7- 9 || total
-------------------------+-------+-------+-------++-------
Melee: Unarmed           |     6 |       |       ||     6
       Peck              |     2 |    17 |     9 ||    28
       Kick              |     1 |    18 |    21 ||    40
       Whip              |       |    68 |    23 ||    91
       Trident           |       |       |    39 ||    39
 Cast: Freeze            |    63 |   113 |    26 ||   202
Evoke: Wand              |       |       |     6 ||     6
  Eat: Chunk             |     4 |    11 |     2 ||    17
Armor: Robe              |    14 |    26 |    26 ||    66
Dodge: Dodged            |    36 |   108 |    57 ||   201
